 Dungeon Crawl Stone Soup version 0.29.0-13-gc9e81de378 (webtiles) character file.

Game seed: 14435880262794764778

459 funkygono the Firebug (level 7, -8/38 HPs)
             Began as a Gargoyle Fire Elementalist on Sept 10, 2022.
             Was an Initiate of Vehumet.
             Mangled by an ice beast (13 damage)
             ... on level 5 of the Dungeon.
             The game lasted 00:08:40 (5195 turns).

funkygono the Firebug (Gargoyle Fire Elementalist)  Turns: 5195, Time: 00:08:40

Health: -8/38      AC:  9    Str: 11    XL:     7   Next: 6%
Magic:  12/13      EV: 12    Int: 18    God:    Vehumet [......]
Gold:   285        SH:  0    Dex: 10    Spells: 3/14 levels left

rFire   . . .      SeeInvis .   o - +1 whip (elec)
rCold   . . .      Faith    .   (no shield)
rNeg    + . .      Spirit   .   a - +0 robe
rPois   ∞          Reflect  .   v - +0 helmet
rElec   +          Harm     .   (no cloak)
rCorr   .          Rampage  .   k - +1 pair of gloves
Will    .....                   (no boots)
Stlth   ++........              (no amulet)
HPRegen 0.12/turn               p - ring of wizardry
MPRegen 0.13/turn               (no ring)

@: no status effects
A: sickness immunity, AC +4, negative energy resistance 1, electricity
resistance, torment resistance 1, petrification resistance
a: Renounce Religion


You were on level 5 of the Dungeon.
You worshipped Vehumet.
Vehumet was noncommittal.
You visited 1 branch of the dungeon, and saw 5 of its levels.

You collected 360 gold pieces.
You spent 75 gold pieces at shops.

Inventory:

Hand Weapons
 e - a +0 whip
 j - a +0 flail
 o - a +1 whip of electrocution (weapon)
Armour
 a - a +0 robe (worn)
 k - a +1 pair of gloves (worn)
 l - a +1 leather armour of positive energy
 v - a +0 helmet (worn)
Magical Staves
 g - a staff of conjuration
Jewellery
 h - an amulet of guardian spirit
 p - a ring of wizardry (left hand)
 q - a +4 ring of protection
Scrolls
 m - a scroll of vulnerability
 r - a scroll of enchant armour
Potions
 b - 2 potions of magic
 c - a potion of resistance
 d - a potion of might
 f - a potion of attraction
 i - 4 potions of flight
 n - a potion of curing {unknown}
 s - a potion of brilliance {unknown}
 u - a potion of mutation {unknown}


   Skills:
 + Level 1.3 Fighting
 + Level 2.0 Maces & Flails
 + Level 2.3 Dodging
 - Level 2.1 Stealth
 + Level 4.0 Spellcasting
 + Level 3.1 Conjurations
 + Level 4.6 Fire Magic
 + Level 0.7 Earth Magic


You had 3 spell levels left.
You knew the following spells:

 Your Spells              Type           Power      Damage    Failure   Level
a - Foxfire               Conj/Fire      68%        2x1d7     1%          1
b - Scorch                Fire           40%        2d7       1%          2
c - Conjure Flame         Conj/Fire      17%        6-21      3%          3
d - Flame Wave            Conj/Fire      17%        2d7       12%         4
e - Sandblast             Erth           12%        2d6       4%          1

Your spell library contained the following spells:

 Spells                   Type           Power      Damage    Failure   Level
 Inner Flame              Hex/Fire       12%        N/A       7%          3
 Passwall                 Tmut/Erth      3%         N/A       8%          2
 Stone Arrow              Conj/Erth      20%        3d8       9%          3
 Iskenderun's Battlesphe  Conj           14%        2d7       41%         5
 Iron Shot                Conj/Erth      5%         9d2       98%         6
 Spellforged Servitor     Conj/Summ      4%         N/A       100%        7


Dungeon Overview and Level Annotations

Branches:
Dungeon (5/15)
 Temple: D:4-7

Altars:
Fedhas
Kikubaaqudgha
Vehumet
Xom
The Shining One

Shops:
D:4 **[[(


Innate Abilities, Weirdness & Mutations

You are immune to sickness and miasma.
Your stone body is resilient. (AC +4)
You are immune to poison.
You resist negative energy. (rN+)
You are resistant to electric shocks. (rElec)
You are resistant to unholy torment.
You are immune to petrification.


Message History

You don't know that spell.
Casting: Foxfire (safe; 1% risk of failure)
Confirm with . or Enter, or press ? or * to list all spells.
You conjure some foxfire!
Casting: Foxfire (safe; 1% risk of failure)
Confirm with . or Enter, or press ? or * to list all spells.
You conjure some foxfire!
The foxfire hits the ice beast.
The ice beast melts!
The ice beast is lightly wounded.
The foxfire hits the ice beast but does no damage.
The ice beast is lightly wounded.
The foxfire hits the ice beast but does no damage.
The ice beast is lightly wounded.
The foxfire hits the ice beast but does no damage.
The ice beast is lightly wounded.
The ice beast attacks as you move away! The ice beast hits you.
The ice beast freezes you! The ice beast attacks as you move away!
The ice beast hits you but does no damage.
The ice beast attacks as you move away! The ice beast hits you.
The ice beast freezes you! The ice beast attacks as you move away!
The ice beast hits you but does no damage.
The ice beast attacks as you move away!
The ice beast hits you but does no damage.
You open the door.
The ice beast hits you but does no damage.
The scorpion stings you.
There is an open door here.
The ice beast attacks as you move away! The ice beast hits you.
The ice beast freezes you!
* * * LOW HITPOINT WARNING * * *
The ice beast attacks as you move away! The ice beast closely misses you.
Okay, then.
Okay, then.
The air fills with toxic fumes!
As you read the scroll of poison, it crumbles to dust.
The ice beast hits you.
* * * LOW HITPOINT WARNING * * *
The ice beast freezes you!
You die...

...##.##..######.# #....#
.........## ##§## #....#
##._.###.# ##§W§## ####.#
.#...#...# ##§§§§§## #.##
.##.##.#.# ##§§§O§§§## #..##
.......#.###§§§§§§§§§####...#####
###.####...+§§§§§s§§§+...........
.........###§§§§Y§§§§####...#####
###.####.##§§§§§@§§§## ##..#
.......#.#§§##§§§§§## ##.#
.##.##.#...####§§§## #.#
.#...#...### ##§## #.# ##._.###.#
#§# #.# .........# ####§#### #.#
##.....######..§§§..# #.#
............#.#§§§#.#
##......#.#.#.......#


You could see an ice beast, an ogre, a phantom and a scorpion.

Vanquished Creatures
  A black bear (D:5)
  A phantom (D:4)
  A jelly (D:5)
  3 orc wizards
  5 gnolls (D:3)
  5 adders
  An ufetubus (D:5)
  3 worms
  A dart slug (D:4)
  9 orcs
  5 ball pythons
  7 bats
  4 endoplasms (D:2)
  6 giant cockroaches
  6 goblins
  7 hobgoblins
  2 jackals (D:4)
  2 quokkas (D:3)
  4 kobolds
  2 rats (D:1)
75 creatures vanquished.

Vanquished Creatures (others)
  249 foxfires
  7 plants (D:2)
  5 toadstools (D:5)
261 creatures vanquished.

Grand Total: 336 creatures vanquished

Notes
Turn   | Place    | Note
-------+----------+-------------------------------------------
     0 | D:1      | funkygono the Gargoyle Fire Elementalist began the quest
                  | for the Orb.
     0 | D:1      | Reached XP level 1. HP: 10/10 MP: 3/3
   527 | D:1      | Reached XP level 2. HP: 14/15 MP: 3/5
   550 | D:1      | Learned a level 2 spell: Scorch
   920 | D:2      | Reached XP level 3. HP: 18/19 MP: 2/6
   924 | D:2      | Learned a level 3 spell: Conjure Flame
  1548 | D:2      | Reached skill level 1 in Maces & Flails
  1829 | D:3      | Reached XP level 4. HP: 24/24 MP: 0/7
  2192 | D:3      | Found a faded altar of an unknown god.
  2491 | D:3      | Reached XP level 5. HP: 28/28 MP: 4/9
  2881 | D:3      | Found a blossoming altar of Fedhas.
  3064 | D:4      | Found Huwnung's Antique Armour Emporium.
  3218 | D:4      | Found an ancient bone altar of Kikubaaqudgha.
  3395 | D:4      | Found Waruit's Weapon Emporium.
  3448 | D:4      | Reached skill level 1 in Fighting
  3671 | D:4      | Found Fajues's Antique Armour Shoppe.
  3723 | D:4      | Found Fehagiyw's General Store.
  3749 | D:4      | Noticed a phantom
  3759 | D:4      | Killed a phantom
  3760 | D:4      | Reached XP level 6. HP: 34/34 MP: 3/10
  3870 | D:4      | Found a shimmering altar of Xom.
  3925 | D:4      | Found Huunn's General Store.
  3933 | D:4      | Bought a scroll of enchant armour for 75 gold pieces
  4410 | D:4      | Learned a level 4 spell: Flame Wave
  4412 | D:4      | Learned a level 1 spell: Sandblast
  4424 | D:5      | Entered Level 5 of the Dungeon
  4481 | D:5      | Noticed a black bear
  4494 | D:5      | Killed a black bear
  4878 | D:5      | Found a glowing golden altar of the Shining One.
  4889 | D:5      | Found a radiant altar of Vehumet.
  4913 | D:5      | Reached XP level 7. HP: 38/38 MP: 7/12
  5037 | D:5      | Became a worshipper of Vehumet
  5195 | D:5      | Mangled by an ice beast

Illustrated notes

Levels and vault maps discovered:
D:1:      dpeg_arrival_tiny_a, layout_rooms
D:2:      layout_loops_ring, serial_bayou_pond_a, kennysheep_generic_room_5
D:3:      layout_basic, fedhas_altar_4, shapermc_ecumenical_altar_totnotflames,
          minmay_randomly_rotated_circles
D:4:      layout_loops_corners, lemuel_tele_altar,
          mainiacjoe_overflow_boulevard, serial_shops, shop, nicolae_shop_stone,
          nicolae_shop_hallway_plus, nicolae_shop_bloodbath_and_beyond,
          nicolae_shop_trees
D:5:      minmay_polygon_palace, layout_loops_corners,
          mainiacjoe_overflow_large_starburst, minmay_gold_behind_fungi

Skill      XL: |  1  2  3  4  5  6  7 |
---------------+----------------------+-----
Maces & Flails | 1 2 |  2.0
Dodging        | 2 |  2.3
Conjurations   | 2 3 |  3.1
Fire Magic     | 4 |  4.6
Fighting       | 1 |  1.3
Spellcasting   | 3 4 |  4.0
Stealth        | |  2.1
Earth Magic    | |  0.7

Action                   |  1- 3 |  4- 6 |  7- 9 || total
-------------------------+-------+-------+-------++-------
Melee: Whip              |    23 |    42 |       ||    65
       Punch             |     1 |       |       ||     1
 Cast: Foxfire           |    51 |    88 |    13 ||   152
       Scorch            |       |     1 |       ||     1
       Sandblast         |       |    11 |     2 ||    13
  Use: Scroll            |     5 |     6 |     1 ||    12
       Potion            |       |     1 |       ||     1
 Stab: Sleeping          |     2 |       |       ||     2
Armor: Robe              |     8 |    24 |     5 ||    37
Dodge: Dodged            |    16 |    37 |     6 ||    59
